 Dungeon Crawl Stone Soup version 0.19.1-1-g22dce08 (webtiles) character file.

41 theAP the Magician (level 3, -1/24 HPs)
             Began as a Mummy Wizard on Jan 3, 2017.
             Slain by a hobgoblin
             ... wielding a +0 club
              (6 damage)
             ... on level 2 of the Dungeon.
             The game lasted 00:05:42 (1260 turns).

theAP the Magician (Mummy Wizard)                   Turns: 1260, Time: 00:05:43

Health: -1/24      AC:  2    Str: 10    XL:     3   Next: 32%
Magic:  2/8        EV: 12    Int: 18    God:
Gold:   71         SH:  0    Dex: 10    Spells: 2 memorised, 6 levels left

rFire  x . .     SeeInvis .     e - +0 whip
rCold  + . .     Gourm    .     a - +0 robe
rNeg   + + +     Faith    .     (no shield)
rPois  ∞         Spirit   .     b - +0 hat
rElec  .         Reflect  .     (no cloak)
rCorr  .         Harm     .     (no gloves)
MR     .....                    (no boots)
Stlth  ++........               (no amulet)
                                (no ring)
                                (no ring)

@: very slightly contaminated
A: no food or potions, fire vulnerability, cold resistance 1, negative energy
resistance 3, torment resistance, unbreathing
a: no special abilities


You were on level 2 of the Dungeon.
You were not hungry.

You visited 1 branch of the dungeon, and saw 2 of its levels.

You collected 71 gold pieces.

Inventory:

Hand Weapons
 e - a +0 whip (weapon)
Armour
 a - a +0 robe (worn)
 b - a +0 hat (worn)
Scrolls
 d - 2 scrolls of identify
Books
 c - a book of Minor Magic

   Spells                             Type                      Level
   a - Magic Dart                     Conjuration                  1
   b - Blink                          Translocation                2
   c - Call Imp                       Summoning                    2
   d - Repel Missiles                 Charms/Air                   2
   e - Slow                           Hexes                        2
   f - Conjure Flame                  Conjuration/Fire             3
   g - Mephitic Cloud                 Conjuration/Poison/Air       3


   Skills:
 + Level 0.5 Maces & Flails
 - Level 1.6 Dodging
 - Level 1.8 Stealth
 + Level 3.6 Spellcasting
 * Level 1.4 Conjurations
   Level 0.7 Summonings
 - Level 0.7 Translocations


You had 6 spell levels left.
You knew the following spells:

 Your Spells              Type           Power        Failure   Level  Hunger
a - Magic Dart            Conj           #...         12%         1    N/A
b - Blink                 Tloc           N/A          17%         2    N/A

Dungeon Overview and Level Annotations

Branches:
Dungeon (2/15)

Altars:
Cheibriados


Innate Abilities, Weirdness & Mutations

You do not eat or drink.
Your flesh is vulnerable to fire.
You are immune to poison.
Your flesh is cold resistant. (rC+)
You are immune to negative energy. (rN+++)
You are immune to unholy pain and torment.
You can survive without breathing.


Message History

You hit the hobgoblin but do no damage.
The hobgoblin is moderately wounded.
The hobgoblin hits you with a club.
You hit the hobgoblin but do no damage.
The hobgoblin is moderately wounded.
The hobgoblin closely misses you. The hobgoblin hits you with a club.
You hit the hobgoblin.
The hobgoblin is almost dead.
The hobgoblin hits you with a club. x2
You hit the hobgoblin but do no damage.
The hobgoblin is almost dead.
The hobgoblin hits you with a club.
* * * LOW HITPOINT WARNING * * *
The hobgoblin closely misses you.
You completely miss the hobgoblin.
The hobgoblin is almost dead.
The hobgoblin hits you but does no damage.
The hobgoblin misses you. The hobgoblin hits you with a club.
You die...

#............###≈≈≈≈≈.......#
#.[#...#.#.#.#...≈≈≈.##.###.#
###.##...#.#.#.#..........#
#........#.#.#......#######
#.####.#.#.#.#......#
#.#......#.#.#.#....#
#.#.##.....#.#.##...#
#........!##.#.##...#
###.##..####.#@##...# #.#...#
#...gg...# #.#.#.#
###.........# #.#.#)####
#..#.#.##.# #.#.#.##<#
#..#.#.# # #.#.#.##.#
#....... #####.#.#.##.#
#..#...## ..........##.#
#..###.# .####.#.####.# #..#
.#


You could see 2 hobgoblins.

Vanquished Creatures
  An ooze (D:1)
  2 worms (D:2)
  A dart slug (D:2)
  3 giant cockroaches
  5 goblins
  A hobgoblin (D:1)
  A quokka (D:2)
  2 bats
  7 kobolds
  4 rats (D:1)
27 creatures vanquished.

Notes
Turn   | Place    | Note
-------+----------+-------------------------------------------
     0 | D:1      | theAP the Mummy Wizard began the quest for the Orb.
     0 | D:1      | Reached XP level 1. HP: 13/13 MP: 4/4
   201 | D:1      | Reached XP level 2. HP: 5/19 MP: 1/6
   367 | D:1      | Reached skill level 1 in Conjurations
   371 | D:1      | Learned a level 2 spell: Blink
   806 | D:2      | Reached XP level 3. HP: 15/24 MP: 0/8
  1225 | D:2      | Found a snail-covered altar of Cheibriados.
  1260 | D:2      | Slain by a hobgoblin

Skill      XL: |  1  2 |
---------------+-------+-----
Conjurations   | 1 |  1.4
Maces & Flails | |  0.5
Dodging        | |  1.6
Stealth        | |  1.8
Spellcasting   | |  3.6
Summonings     | |  0.7
Translocations | |  0.7

Action                   || total
-------------------------++-------
Melee: Unarmed           ||    41
       Whip              ||    41
 Cast: Magic Dart        ||    64
  Use: Scroll            ||     2
Armor: Robe              ||    12
Dodge: Dodged            ||    50
